 Dungeon Crawl Stone Soup version 0.17-a0-702-gb3a3556 (console) character file.

224884 Fusha the Geomancer (level 18, -1/135 HPs)
             Began as a White Draconian Earth Elementalist on Apr 19, 2015.
             Was the Champion of Yredelemnul.
             Killed from afar by a starcursed mass (15 damage)
             ... with an accursed screaming
             ... on level 1 of the Abyss.
             The game lasted 06:30:53 (56538 turns).

Fusha the Geomancer (DrEE)                         Turns: 56538, Time: 06:30:54

Health: -1/135     AC: 26    Str: 10      XL:     18   Next: 17%
Magic:  22/44      EV: 21    Int: 25 (29) God:    Yredelemnul [******]
Gold:   4147       SH:  8    Dex: 14      Spells: 12 memorised, 6 levels left

rFire  . . .     SeeInvis .     a - +9 Staff of Wucad Mu {channel}
rCold  + . .     Clarity  .     (armour unavailable)
rNeg   . . .     SustAb   .     y - +3 buckler
rPois  +         Gourm    .     b - +2 hat
rElec  .         Spirit   .     w - +2 cloak {rPois}
rCorr  .         Warding  .     o - +2 pair of gloves
rMut   +         Stasis   .     d - +2 pair of boots "Wualyowk" {rPois Int+4}
MR     +....                    f - amulet of resist mutation
Stlth  +++.......               O - +3 ring of intelligence
                                B - ring of magical power

@: about to teleport, stone skin, somewhat resistant to hostile enchantments,
fairly stealthy
A: breathe frost, unfitting armour, cold resistance 1, cold-blooded, AC +10
a: Breathe Frost, Animate Dead, Recall Undead Slaves, Injury Mirror, Drain Life,
Enslave Soul, Renounce Religion
}: 2/15 runes: decaying, gossamer


You were on level 1 of the Abyss.
You worshipped Yredelemnul.
Yredelemnul was exalted by your worship.
You were not hungry.

You visited 6 branches of the dungeon, and saw 39 of its levels.
You visited the Abyss 1 time.
You visited 1 bazaar.

You collected 4704 gold pieces.
You spent 557 gold pieces at shops.

Inventory:

Hand weapons
 a - the +9 Staff of Wucad Mu (weapon) {channel}
   (You found it on level 7 of the Dungeon)
 q - the +8 dagger of Guov {freeze, rN+ MR+ MP+9}
   (You found it on level 7 of the Dungeon)

   It has been specially enchanted to freeze those struck by it, causing extra
   injury to most foes and up to half again as much damage against particularly
   susceptible opponents.
   It can also slow down cold-blooded creatures.
   It protects you from negative energy.
   It affects your resistance to hostile enchantments.
   It affects your magic capacity (+9).
Armour
 b - a +2 hat (worn)
 d - the +2 pair of boots "Wualyowk" (worn) {rPois Int+4}
   (You bought it in a shop in a bazaar)

   It affects your intelligence (+4).
   It protects you from poison.
 o - a +2 pair of gloves (worn)
 w - a +2 cloak of poison resistance (worn)
 y - a +3 buckler (worn)
Jewellery
 f - an amulet of resist mutation (around neck)
 B - a ring of magical power (left hand)
 M - an uncursed ring of protection from cold
 O - a +3 ring of intelligence (right hand)
Magical devices
 e - a wand of magic darts (8)
 p - a wand of fireball (11)
 t - a wand of lightning (6)
 u - a wand of paralysis (13)
 x - a wand of disintegration (12)
 I - a wand of invisibility (2)
 L - a wand of confusion (11)
 N - a wand of slowing (14)
 R - a wand of draining (0)
 V - a wand of draining (0)
 W - a wand of teleportation (3)
 Y - a wand of digging (3)
 Z - a wand of digging (8)
Scrolls
 c - 2 scrolls of identify
 h - 5 scrolls of blinking
 i - 12 scrolls of remove curse
 l - 6 scrolls of amnesia
 s - 3 scrolls of fear
 A - 2 scrolls of magic mapping
 D - 4 scrolls of vulnerability
 F - 4 scrolls of recharging
 P - 2 scrolls of fog
 S - 2 scrolls of silence
 X - 6 scrolls of teleportation
Potions
 g - 7 potions of brilliance
 m - 2 potions of invisibility
 r - a potion of haste
 z - 7 potions of might
 C - 3 potions of curing
 E - 5 potions of resistance
 G - a potion of berserk rage
 H - 7 potions of restore abilities
 J - 5 potions of agility
 Q - a potion of cure mutation
 T - 3 potions of magic
Miscellaneous
 n - a plain deck of defence {the Cloud}
 v - 3 phantom mirrors
 K - a sack of spiders
 U - a plain deck of summoning {the Crusade, drawn: 7}
Comestibles
 k - 12 meat rations


   Skills:
 - Level 6.0 Fighting
   Level 0.4(7.5) Maces & Flails
 + Level 11.6 Staves
 - Level 3.0 Throwing
 * Level 13.9 Dodging
 - Level 6.0 Stealth
 - Level 4.0 Shields
 + Level 13.8 Spellcasting
 * Level 8.5 Transmutations
 + Level 3.5 Fire Magic
 + Level 14.6 Earth Magic
 - Level 6.0 Invocations
 + Level 11.8 Evocations


You had 6 spell levels left.
You knew the following spells:

 Your Spells              Type           Power        Failure   Level  Hunger
a - Ignite Poison         Fire/Trmt      #####.....   12%         5    ##.....
b - Stoneskin             Trmt/Erth      ######..     1%          2    None
c - Stone Arrow           Conj/Erth      ######       1%          3    None
d - Lee's Rapid Deconstr  Erth           ######....   1%          5    ##.....
e - Petrify               Trmt/Erth      ######..     1%          4    None
f - Passwall              Trmt/Erth      ######....   1%          3    None
g - Gell's Gravitas       Hex/Tloc       ###.......   12%         3    None
h - Summon Guardian Gole  Hex/Summ       ###.....     12%         3    None
i - Blink                 Tloc           N/A          8%          2    None
j - Repel Missiles        Chrm/Air       ###...       8%          2    None
k - Mephitic Cloud        Conj/Pois/Air  ###.....     12%         3    None
l - Conjure Flame         Conj/Fire      ####....     6%          3    None


Dungeon Overview and Level Annotations

Branches:
Dungeon (15/15)            Temple (0/1) D:7            Lair (8/8) D:9
  Swamp (5/5) Lair:6       Spider (5/5) Lair:4        Slime (0/6) Lair:8
    Orc (4/4) D:9             Elf (0/3) Orc:4        Vaults (2/5) D:13
 Depths (0/5) D:15
  Crypt: Vaults:2-3

Altars:
Elyvilon
Kikubaaqudgha
Makhleb
Nemelex Xobeh
Qazlal
Trog
Yredelemnul
Zin
Beogh
Jiyva

Shops:
D:4 ?   D:7 :   D:8 %   Orc:1 %   Orc:3 !   Orc:4 :([*

Portals:
Trove: Vaults:2 (give +5 demon blade)


Innate Abilities, Weirdness & Mutations

You can breathe waves of freezing cold.
You can buffet flying creatures when you breathe cold.
Your icy white scales are hard (AC +10).
Your body does not fit into most forms of armour.
Your flesh is cold resistant.
You are cold-blooded and may be slowed by cold attacks.


Message History

A starcursed mass splits.
A deafening chorus of shrieks assaults your mind!
* * * LOW HITPOINT WARNING * * *
You suddenly lose the ability to move!
You can move again.
Drink which item? (? for menu, Esc to quit)
You feel better.
A starcursed mass splits.
A starcursed mass splits.
A deafening chorus of shrieks assaults your mind!
* * * LOW HITPOINT WARNING * * *
You shrug off the repeated paralysis!
Drink which item? (? for menu, Esc to quit)
You feel better. You block the starcursed mass's attack.
Read which item? (? for menu, Esc to quit)
As you read the scroll of teleportation, it crumbles to dust.
You feel strangely unstable.
You feel the power of the Abyss delaying your translocation.
A starcursed mass splits.
A cacophony of accursed wailing tears at your sanity!
You die...
Your body rises from the dead as a mindless zombie.

.... #.. .....
.. #.....
.###. .
##...###.#..
...#.....#...#
.....XX......
....XX....#
......X.XX..##
..#...X@#..# .
.. ##...### #
#.......## #
.......# .
..... .# ..
......
..#......## ..
#. .X# . . ..


You could see 8 starcursed masses.

Vanquished Creatures
  A tentacled monstrosity (Abyss:1)
  2 vault wardens (Vaults:2)
  2 ironheart preservers
  2 rakshasas (Vaults:1)
  A fire dragon (Vaults:2)
  An ogre mage (Vaults:2)
  4 vault guards
  2 yaktaur captains (Vaults:1)
  An ice dragon (Vaults:1)
  A hydra (Lair:5)
  An alligator (Swamp:3)
  A death yak (Lair:8)
  A salamander stormcaller (Vaults:2)
  A thrashing horror (Abyss:1)
  A titan skeleton (Abyss:1)
  A shadow wraith (Abyss:1)
  3 ironbrand convokers (Vaults:1)
  7 hill giants
  Pikel (D:4)
  A necromancer (D:15)
  5 orb spiders
  A swamp dragon (Swamp:2)
  12 wolf spiders
  2 harpies (shapeshifter)
  A hornet (Vaults:1)
  A wolf spider zombie (D:13)
  3 orc sorcerers
  4 cyclopes
  2 orc knights
  4 elephants (Lair:8)
  A worldbinder (Abyss:1)
  8 ugly things
  A griffon (Vaults:1)
  3 black mambas
  A centaur zombie (D:15)
  A naga mage (D:15)
  2 vault sentinels
  2 torpor snails
  3 smoke demons (Abyss:1)
  A yaktaur (D:15)
  8 spiny frogs
  3 kobold demonologists
  A komodo dragon (Lair:3)
  4 demonic crawlers
  An efreet (Abyss:1)
  A freezing wraith (Vaults:1)
  A deep elf priest (Vaults:2)
  4 fire drakes
  A spriggan druid (Lair:8)
  A hellwing (Abyss:1)
  An ancient zyme (Abyss:1)
  A blue devil (Abyss:1)
  A polar bear (Lair:8)
  8 jumping spiders
  A giant leech (Swamp:2)
  6 slime creatures
  24 blink frogs
  A fire vortex (Vaults:2)
  4 bog bodies
  A raiju (Abyss:1)
  4 two-headed ogres
  3 deep elf magi
  A shadow (Swamp:1)
  3 wraiths
  A hungry ghost (D:7)
  12 spriggans
  17 redbacks
  A ynoxinul (Abyss:1)
  21 yaks
  12 tarantellas
  A vampire (D:13)
  4 trapdoor spiders
  A hog (shapeshifter) (Vaults:1)
  3 basilisks
  A neqoxec (Abyss:1)
  7 hippogriffs
  8 centaurs
  11 vampire mosquitoes
  10 swamp worms
  3 large abominations (Abyss:1)
  2 mottled dragons
  A warg (Vaults:1)
  3 deep elf fighters
  Edmund (D:5)
  8 water moccasins
  3 sky beasts
  8 spiders
  32 wolves
  A soldier ant (D:13)
  12 orc warriors
  9 porcupines
  3 slaves (D:4)
  7 ice beasts
  5 swamp drakes
  4 black bears
  12 ogres
  4 wasps
  A phantom (D:8)
  11 boggarts
  9 crocodiles
  A boring beetle (Lair:8)
  14 giant frogs
  A big kobold (D:11)
  A wyvern zombie (D:15)
  A wyvern skeleton (D:8)
  A merfolk simulacrum (Abyss:1)
  4 small abominations (Abyss:1)
  5 scorpions
  16 killer bees (Lair:3)
  12 wights
  An electric eel (Spider:3)
  6 crimson imps
  A giant frog zombie (D:9)
  3 starcursed masses (Abyss:1)
  12 orc priests
  23 orc wizards
  4 giant frog skeletons
  Crazy Yiuf (D:5)
  6 iguanas
  3 jellies
  A quasit (Abyss:1)
  6 centaur skeletons
  An iron imp (Abyss:1)
  2 hell rats (Lair:1)
  A killer bee zombie (D:8)
  22 sheep
  6 worker ants
  An ogre zombie (D:13)
  A hound skeleton (D:6)
  4 gnolls
  27 river rats
  5 shadow imps
  8 adders
  A white imp (Abyss:1)
  An ufetubus (Abyss:1)
  2 oozes
  An adder skeleton (D:7)
  A worm (D:2)
  8 giant geckos
  81 orcs
  12 bats
  A bat zombie (D:7)
  7 giant cockroaches
  12 goblins
  14 hobgoblins
  13 jackals
  5 quokkas
  2 ball pythons
  5 giant newts
  A jackal zombie (D:8)
  15 kobolds
  A quokka zombie (D:8)
  22 rats
  A fungus (Lair:4)
833 creatures vanquished.

Vanquished Creatures (collateral kills)
  Nikola (Spider:5)
  A profane servitor (Spider:5)
  A bone dragon (Swamp:5)
  Arachne (Spider:2)
  Jorgrun (Swamp:2)
  Rupert (Orc:2)
  A sphinx (Vaults:1)
  A thorn hunter (Swamp:5)
  Roxanne (Swamp:3)
  5 ghost moths
  Maud (Lair:3)
  A vault warden (Vaults:2)
  Louise (Swamp:3)
  An orc warlord (Orc:4)
  5 emperor scorpions (Spider:5)
  6 ironheart preservers
  A stone giant (Vaults:2)
  Nessos (Orc:3)
  2 ettins
  Sonja (Lair:3)
  2 fire dragons
  2 yaktaur captains (Vaults:1)
  3 entropy weavers
  5 vault guards (D:13)
  Josephine (Orc:4)
  An ice dragon (Vaults:2)
  10 hydras
  A great orb of eyes (Vaults:2)
  Harold (Lair:4)
  4 centaur warriors
  4 ghost crabs
  3 alligators
  A salamander stormcaller (Vaults:2)
  12 death yaks
  A deep troll earth mage (Vaults:2)
  5 ogre magi
  A tengu warrior (D:15)
  An orc high priest (Orc:4)
  Nergalle (Orc:3)
  A soul eater (Vaults:2)
  28 slime creatures
  10 skeletal warriors
  4 ravens
  2 shambling mangroves
  A lindwurm (Lair:8)
  A death drake (Swamp:5)
  2 unseen horrors
  7 harpies
  3 swamp dragons
  3 spectral hydras
  2 hill giants
  7 orc knights
  7 deep trolls (Vaults:2)
  3 phantasmal warriors (Swamp:5)
  An ironbrand convoker (Vaults:1)
  3 wolf spider zombies
  A deep elf conjurer (D:15)
  20 wolf spiders
  9 orb spiders
  2 orc sorcerers (Orc:4)
  A spectral alligator (Swamp:4)
  A necromancer (Spider:2)
  A cyclops (D:12)
  A spectral ettin (Swamp:5)
  12 ugly things
  6 hornets
  A rust devil (D:11)
  2 elephants
  2 moths of wrath
  5 centaur zombies
  2 spriggan druids
  4 vault sentinels
  3 black mambas
  3 torpor snails (Spider:5)
  An octopode (shapeshifter) (D:13)
  An orange demon (Orc:4)
  A gargoyle (D:14)
  2 centaur skeletons (D:15)
  11 spiny frogs
  3 swamp worm zombies (Swamp:5)
  8 komodo dragons
  2 kobold demonologists
  5 yaktaurs (Vaults:2)
  10 demonic crawlers
  5 hydra zombies (Swamp:5)
  A freezing wraith (Vaults:1)
  A spectral deep troll (Swamp:2)
  28 jumping spiders
  A tengu conjurer (D:15)
  3 trolls
  4 polar bears (Lair:8)
  2 fire vortices (Vaults:2)
  A harpy zombie (Vaults:2)
  A queen bee (Lair:3)
  A tarantella zombie (Spider:4)
  4 giant leeches
  4 two-headed ogres
  A wolf spider simulacrum (D:15)
  7 bog bodies
  4 boulder beetles
  2 human simulacra
  3 baby alligators (Swamp:3)
  11 blink frogs
  A centaur simulacrum (D:15)
  A spectral swamp dragon (Swamp:5)
  5 alligator zombies (Swamp:5)
  A hornet zombie (D:15)
  3 shadows
  5 spriggans
  6 wraiths
  16 trapdoor spiders
  22 yaks
  44 redbacks
  17 tarantellas
  2 wyverns
  A basilisk (D:12)
  13 vampire mosquitoes
  21 wolves
  3 hippogriffs
  A hungry ghost (D:15)
  2 deep elf magi
  A warg (Vaults:2)
  10 water moccasins
  6 insubstantial wisps
  6 mottled dragons
  17 swamp worms
  5 porcupines
  An ice beast (D:11)
  21 spiders
  2 swamp dragon zombies (Swamp:5)
  4 black bears (Lair:8)
  2 boggarts (Vaults:1)
  6 phantoms
  12 wasps
  11 centaurs
  16 ogres
  28 orc warriors
  5 crocodiles
  4 big kobolds
  7 giant frogs
  A spectral water moccasin (Swamp:4)
  5 scorpions
  3 electric eels
  A spectral deep dwarf (Swamp:2)
  9 killer bees (Lair:3)
  A jelly (D:13)
  A quasit (D:11)
  2 crimson imps
  A hound (D:10)
  18 orc priests
  A giant frog skeleton (D:13)
  2 iguanas
  17 orc wizards
  A hell rat (D:11)
  4 worker ants
  4 spectral swamp drakes
  15 sheep
  37 river rats
  An adder (D:12)
  3 swamp drake zombies (Swamp:5)
  2 shadow imps
  4 worms (Spider:3)
  A giant gecko (D:11)
  81 orcs
  A bat (D:7)
  2 goblins
  2 kobolds
  A quokka (D:10)
  A giant spore (D:11)
  25 rats (D:11)
  2 bushes (Lair:8)
  2 butterflies (Lair:2)
  7 fungi
  4 plants
972 creatures vanquished.

Vanquished Creatures (others)
  2 profane servitors
  A bone dragon (Swamp:5)
  6 ghouls
  4 death cobs
  5 skeletal warriors
  A flayed ghost (Lair:8)
  An orb spider (Spider:1)
  3 ugly thing zombies
  5 phantasmal warriors
  7 wolf spider zombies
  A hornet (Spider:5)
  A slime creature (Swamp:4)
  2 death yak zombies (Lair:7)
  A komodo dragon (Lair:3)
  3 redback zombies
  A red devil (Lair:3)
  A hydra zombie (Lair:5)
  2 harpy zombies (Vaults:2)
  A trapdoor spider zombie (Spider:5)
  2 ravens (Swamp:4)
  2 tarantella zombies (Spider:5)
  2 jumping spider zombies
  7 flying skulls
  9 trapdoor spiders
  8 wraiths
  A hill giant zombie (D:15)
  4 vampires
  2 insubstantial wisps (Swamp:5)
  A warg (Vaults:2)
  A hell hound (Orc:2)
  An orb spider zombie (Spider:4)
  A spiny frog zombie (Swamp:5)
  A deep troll zombie (Vaults:2)
  2 elephant zombies (Lair:8)
  17 spiders
  A ghost crab zombie (Swamp:5)
  10 blink frog zombies
  A torpor snail zombie (Lair:8)
  A fire drake zombie (Lair:8)
  3 vampire mosquito zombies
  2 komodo dragon zombies
  2 giant frogs
  2 spider zombies
  A wyvern zombie (Lair:4)
  2 water moccasin zombies
  35 guardian golems
  3 hippogriff zombies
  A warg zombie (Vaults:2)
  A polar bear zombie (Lair:8)
  3 yak zombies
  2 spriggan zombies (Lair:8)
  2 scorpions
  A polar bear skeleton (Lair:8)
  A wight (Orc:3)
  2 giant frog zombies
  17 wolf zombies
  A centaur zombie (D:13)
  A wasp zombie (Spider:3)
  3 black bear zombies
  2 two-headed ogre zombies (Vaults:2)
  A bog body skeleton (Swamp:5)
  A porcupine zombie (Lair:4)
  A killer bee zombie (Lair:3)
  A human zombie (D:4)
  A mottled dragon zombie (Vaults:2)
  7 ogre zombies
  A mummy (Lair:1)
  A hell rat zombie (Lair:1)
  3 worker ant zombies (D:6)
  A river rat (Lair:3)
  12 sheep zombies
  21 orc zombies
  A worm zombie (Spider:3)
  An iguana skeleton (Lair:2)
  An orc (D:4)
  2 goblin zombies
  6 rat zombies
  7 river rat zombies
  2 bushes (Lair:8)
  3 fungi (Lair:8)
  3 plants
286 creatures vanquished.

Grand Total: 2091 creatures vanquished

Notes
Turn   | Place    | Note
--------------------------------------------------------------
     0 | D:1      | Fusha, the Draconian Earth Elementalist, began the quest for the Orb.
     0 | D:1      | Reached XP level 1. HP: 14/14 MP: 3/3
   164 | D:1      | Reached XP level 2. HP: 15/20 MP: 0/5
   811 | D:1      | Reached XP level 3. HP: 13/26 MP: 0/6
  1437 | D:1      | Learned a level 2 spell: Stoneskin
  1441 | D:1      | Learned a level 3 spell: Stone Arrow
  1497 | D:1      | Found a sparkling altar of Nemelex Xobeh.
  1748 | D:2      | Reached XP level 4. HP: 33/33 MP: 3/7
  2060 | D:2      | Reached skill level 1 in Throwing
  2376 | D:2      | Found a white marble altar of Elyvilon.
  2377 | D:2      | Found a glowing silver altar of Zin.
  2377 | D:2      | Found a stormy altar of Qazlal.
  2399 | D:2      | Found a basalt altar of Yredelemnul.
  2413 | D:2      | Became a worshipper of Yredelemnul the Dark
  3267 | D:3      | Noticed a giant frog
  3281 | D:3      | Killed a giant frog
  3281 | D:3      | Reached skill level 1 in Shields
  3281 | D:3      | Reached skill level 4 in Earth Magic
  3281 | D:3      | Reached XP level 5. HP: 19/38 MP: 3/9
  3718 | D:4      | Noticed a slave
  3779 | D:4      | Found Isaed's Magic Scroll Shop.
  3802 | D:4      | Bought a scroll of enchant armour for 97 gold pieces
  4190 | D:4      | Reached XP level 6. HP: 43/45 MP: 6/10
  4271 | D:4      | Noticed an ogre
  4277 | D:4      | Killed an ogre
  4401 | D:4      | Acquired Yredelemnul's first power
  4529 | D:4      | Noticed a slave
  4551 | D:4      | Killed a slave
  5032 | D:4      | Noticed a slave
  5033 | D:4      | Noticed Pikel
  5051 | D:4      | Killed a slave
  5079 | D:4      | Killed a slave
  5092 | D:4      | Noticed a slave
  5114 | D:4      | Killed Pikel
  5114 | D:4      | Reached skill level 5 in Earth Magic
  5114 | D:4      | Your scales start taking on a icy white colour.
  5114 | D:4      | Gained mutation: Your flesh is cold resistant. [White Draconian growth]
  5114 | D:4      | Reached XP level 7. HP: 50/50 MP: 1/12
  5529 | D:5      | Entered Level 5 of the Dungeon
  5545 | D:5      | Found a bloodstained altar of Trog.
  5657 | D:5      | Reached XP level 8. HP: 57/57 MP: 9/13
  5794 | D:5      | Learned a level 4 spell: Petrify
  6001 | D:5      | Noticed Edmund
  6025 | D:5      | Killed Edmund
  6186 | D:5      | Noticed Crazy Yiuf
  6193 | D:5      | Killed Crazy Yiuf
  6321 | D:6      | Reached skill level 6 in Earth Magic
  6328 | D:6      | Learned a level 5 spell: Lee's Rapid Deconstruction
  6995 | D:6      | Got a polished whip {flame}
  6996 | D:6      | Identified the cursed +1 whip of Jech {flame, rElec rPois} (You took it off a centaur on level 6 of the Dungeon)
  7183 | D:6      | Reached XP level 9. HP: 62/62 MP: 10/15
  7309 | D:7      | Found a staircase to the Ecumenical Temple.
  7332 | D:7      | Acquired Yredelemnul's second power
  7385 | D:7      | Got a pitted dagger
  7386 | D:7      | Identified the +8 dagger of Guov {freeze, rN+ MR+ MP+9} (You found it on level 7 of the Dungeon)
  7725 | D:7      | Reached skill level 7 in Earth Magic
  7760 | D:8      | Reached skill level 1 in Fighting
  8052 | D:8      | Reached skill level 5 in Stealth
  8359 | D:7      | Reached skill level 1 in Staves
  8414 | D:7      | Found Somar's Book Emporium.
  8436 | D:7      | Reached skill level 1 in Evocations
  8514 | D:7      | Reached skill level 5 in Dodging
  8772 | D:7      | Found an ancient bone altar of Kikubaaqudgha.
  8856 | D:8      | Found Vokat's Food Shop.
  9241 | D:8      | Reached skill level 5 in Spellcasting
  9880 | D:9      | Reached XP level 10. HP: 78/78 MP: 15/17
  9985 | D:9      | Learned a level 3 spell: Passwall
 10212 | D:9      | Found a staircase to the Lair.
 10214 | D:9      | Noticed a fire drake
 10228 | D:9      | Killed a fire drake
 10228 | D:9      | Reached skill level 8 in Earth Magic
 10518 | D:9      | Found a staircase to the Orcish Mines.
 10580 | D:9      | Acquired Yredelemnul's third power
 11457 | Orc:1    | Entered Level 1 of the Orcish Mines
 11727 | Orc:1    | Received a gift from Yredelemnul
 11743 | Orc:1    | Found Vajutyts's Food Boutique.
 12009 | Orc:2    | Acquired Yredelemnul's fourth power
 12728 | Orc:3    | Found Ruybith's Distillery.
 12737 | Orc:3    | Bought a potion of heal wounds for 65 gold pieces
 12737 | Orc:3    | Bought a potion of heal wounds for 65 gold pieces
 12787 | Orc:3    | Received a gift from Yredelemnul
 13001 | Orc:3    | Noticed Rupert
 13268 | Orc:1    | Noticed an orc knight
 13301 | Lair:1   | Entered Level 1 of the Lair of Beasts
 13492 | Lair:1   | Noticed a black mamba
 13504 | Lair:1   | Killed a black mamba
 13508 | Lair:1   | Reached skill level 5 in Fighting
 13609 | Lair:1   | Acquired Yredelemnul's fifth power
 13825 | Lair:1   | Received a gift from Yredelemnul
 14038 | Lair:1   | Reached XP level 11. HP: 84/88 MP: 0/20
 14045 | Lair:1   | Reached skill level 9 in Earth Magic
 14540 | Lair:2   | Received a gift from Yredelemnul
 14720 | Lair:2   | Noticed Harold
 15143 | Lair:2   | Received a gift from Yredelemnul
 15279 | Lair:2   | Reached skill level 5 in Transmutations
 15285 | Lair:2   | Learned a level 3 spell: Gell's Gravitas
 15435 | Lair:2   | Received a gift from Yredelemnul
 15950 | Lair:3   | Noticed Sonja
 16165 | Lair:2   | Reached skill level 5 in Evocations
 16166 | Lair:2   | Received a gift from Yredelemnul
 16656 | Lair:3   | Reached skill level 10 in Earth Magic
 16741 | Lair:3   | Noticed Maud
 16775 | Lair:3   | Killed Maud
 16775 | Lair:3   | Reached skill level 5 in Staves
 16844 | Lair:3   | Reached XP level 12. HP: 85/96 MP: 23/23
 16869 | Lair:3   | Reached skill level 1 in Invocations
 16893 | Lair:3   | Received a gift from Yredelemnul
 17302 | Lair:3   | Killed Sonja
 17647 | Lair:3   | Learned a level 3 spell: Summon Guardian Golem
 18054 | Lair:4   | Killed Harold
 18125 | Lair:4   | Received a gift from Yredelemnul
 18306 | Lair:4   | Found a hole to the Spider Nest.
 18549 | Lair:4   | Noticed a five-headed hydra
 18564 | Lair:4   | Killed a five-headed hydra
 18958 | Lair:4   | Noticed a five-headed hydra
 18972 | Lair:4   | Killed a five-headed hydra
 19349 | Lair:5   | Noticed a five-headed hydra
 19365 | Lair:5   | Killed a five-headed hydra
 19545 | Lair:5   | Noticed a six-headed hydra
 19547 | Lair:5   | Noticed a four-headed hydra
 19556 | Lair:5   | Killed a four-headed hydra
 20183 | Lair:5   | Noticed a five-headed hydra
 20212 | Lair:4   | Reached skill level 5 in Invocations
 20383 | Lair:5   | Killed a six-headed hydra
 20929 | Lair:6   | Found a staircase to the Swamp.
 21237 | Lair:6   | Reached XP level 13. HP: 87/102 MP: 19/26
 21435 | Lair:6   | Received a gift from Yredelemnul
 21980 | Lair:7   | Gained mutation: Your body is slowly deteriorating. [potion of mutation]
 21980 | Lair:7   | Gained mutation: You are agile. (Dex +2) [potion of mutation]
 21980 | Lair:7   | Gained mutation: You have large cloven feet. [potion of mutation]
 21981 | Lair:7   | Lost mutation: You are agile. (Dex +2) [potion of cure mutation]
 21981 | Lair:7   | Lost mutation: Your body is slowly deteriorating. [potion of cure mutation]
 21981 | Lair:7   | Lost mutation: You have large cloven feet. [potion of cure mutation]
 22575 | Lair:6   | Received a gift from Yredelemnul
 22995 | Lair:7   | Received a gift from Yredelemnul
 23163 | Lair:7   | Reached skill level 10 in Spellcasting
 23706 | Lair:7   | Reached skill level 11 in Earth Magic
 23927 | Lair:8   | Entered Level 8 of the Lair of Beasts
 24171 | Lair:8   | Found a staircase to the Slime Pits.
 24171 | Lair:8   | Found a viscous altar of Jiyva.
 24914 | Lair:8   | Received a gift from Yredelemnul
 25118 | Lair:8   | Received a gift from Yredelemnul
 25857 | Lair:8   | Received a gift from Yredelemnul
 26158 | Lair:8   | Received a gift from Yredelemnul
 26315 | Lair:8   | Reached XP level 14. HP: 110/110 MP: 12/28
 26498 | Lair:8   | Received a gift from Yredelemnul
 26855 | Lair:8   | Received a gift from Yredelemnul
 28126 | Orc:2    | Paralysed by something for 2 turns
 28134 | Orc:2    | Killed Rupert
 28135 | Orc:2    | Received a gift from Yredelemnul
 28255 | Orc:3    | Noticed Nessos
 28274 | Orc:3    | Noticed Nergalle
 28282 | Orc:3    | Killed Nergalle
 28296 | Orc:3    | Killed Nessos
 28799 | Orc:4    | Entered Level 4 of the Orcish Mines
 28799 | Orc:4    | Found a burning altar of Makhleb.
 28804 | Orc:4    | Found a staircase to the Elven Halls.
 28822 | Orc:4    | Received a gift from Yredelemnul
 28859 | Orc:4    | Noticed an orc warlord
 28872 | Orc:4    | Killed an orc warlord
 28892 | Orc:4    | Received a gift from Yredelemnul
 28901 | Orc:4    | Found a roughly hewn altar of Beogh.
 28938 | Orc:4    | Found Tifaly Leur's Antique Armour Emporium.
 29053 | Orc:4    | Found Guaryudi's General Store.
 29060 | Orc:4    | Bought a scroll of identify for 26 gold pieces
 29205 | Orc:4    | Found Vusahirets's Antique Weapon Emporium.
 29220 | Orc:4    | Found Fypinin's Book Emporium.
 29225 | Orc:4    | Received a gift from Yredelemnul
 29343 | Orc:4    | Noticed Josephine
 29357 | Orc:4    | Killed Josephine
 29546 | Orc:4    | Received a gift from Yredelemnul
 29813 | D:10     | Entered Level 10 of the Dungeon
 30490 | D:10     | Received a gift from Yredelemnul
 30706 | D:11     | Upgraded the game from 0.17-a0-701-gb6462b4 to 0.17-a0-702-gb3a3556
 30850 | D:11     | Received a gift from Yredelemnul
 31004 | D:11     | Received a gift from Yredelemnul
 31333 | D:11     | Reached skill level 12 in Spellcasting
 31376 | D:11     | Learned a level 2 spell: Blink
 31379 | D:11     | Learned a level 2 spell: Repel Missiles
 31383 | D:11     | Learned a level 3 spell: Mephitic Cloud
 31387 | D:11     | Learned a level 3 spell: Conjure Flame
 32195 | D:12     | Received a gift from Yredelemnul
 33029 | D:13     | Found a gate to the Vaults.
 33580 | D:13     | Reached XP level 15. HP: 115/115 MP: 24/31
 33944 | D:14     | Received a gift from Yredelemnul
 33945 | D:14     | Found a white marble altar of Elyvilon.
 34306 | D:14     | Reached skill level 10 in Dodging
 34604 | D:15     | Entered Level 15 of the Dungeon
 34659 | D:15     | Identified a scroll of acquirement
 35222 | D:15     | Received a gift from Yredelemnul
 35923 | D:15     | Found a staircase to the Depths.
 36642 | Swamp:1  | Entered Level 1 of the Swamp
 36671 | Swamp:1  | Received a gift from Yredelemnul
 37024 | Swamp:1  | Reached skill level 13 in Earth Magic
 37781 | Swamp:2  | Noticed Jorgrun
 37786 | Swamp:2  | Received a gift from Yredelemnul
 37793 | Swamp:2  | Killed Jorgrun
 38197 | Swamp:3  | Reached skill level 10 in Evocations
 38322 | Swamp:3  | Received a gift from Yredelemnul
 38464 | Swamp:3  | Noticed Louise
 38473 | Swamp:3  | Killed Louise
 39075 | Swamp:3  | Noticed Roxanne
 39091 | Swamp:3  | Killed Roxanne
 39101 | Swamp:3  | Identified Roxanne's Collected Works on Clay and Shape Shifting (You took it off Roxanne on level 3 of the Swamp)
 39109 | Swamp:3  | Learned a level 6 spell: Statue Form
 39908 | Swamp:4  | Received a gift from Yredelemnul
 40231 | Swamp:5  | Entered Level 5 of the Swamp
 40327 | Swamp:5  | Noticed a thorn hunter
 40334 | Swamp:5  | Killed a thorn hunter
 40447 | Swamp:5  | Reached XP level 16. HP: 122/122 MP: 31/32
 40610 | Swamp:5  | Reached skill level 10 in Staves
 40611 | Swamp:5  | Noticed a bone dragon
 40620 | Swamp:5  | Killed a bone dragon
 40873 | Swamp:5  | Got a decaying rune of Zot
 41562 | Spider:1 | Entered Level 1 of the Spider Nest
 41639 | Spider:1 | Received a gift from Yredelemnul
 41931 | Spider:1 | HP: 1/122 [something (22)]
 42494 | Spider:1 | Received a gift from Yredelemnul
 43820 | Spider:2 | Noticed Arachne
 43852 | Spider:2 | Killed Arachne
 43853 | Spider:2 | Received a gift from Yredelemnul
 45465 | Spider:3 | Received a gift from Yredelemnul
 45898 | Spider:4 | Received a gift from Yredelemnul
 46724 | Spider:5 | Entered Level 5 of the Spider Nest
 46816 | Spider:5 | Noticed Nikola
 46823 | Spider:5 | Killed Nikola
 47238 | Spider:5 | Reached skill level 14 in Earth Magic
 47485 | Spider:5 | Reached XP level 17. HP: 128/128 MP: 16/34
 47644 | Spider:5 | Got a gossamer rune of Zot
 48313 | Spider:3 | Received a gift from Yredelemnul
 48736 | Vaults:1 | Entered Level 1 of the Vaults
 48982 | Vaults:1 | Received a gift from Yredelemnul
 49403 | Swamp:2  | Learned a level 5 spell: Ignite Poison
 50143 | Vaults:1 | Received a gift from Yredelemnul
 50534 | Vaults:1 | Reached skill level 1 in Fire Magic
 51467 | Vaults:1 | Received a gift from Yredelemnul
 52329 | Vaults:2 | Found a portal to a secret trove of treasure.
 52440 | Vaults:2 | Received a gift from Yredelemnul
 52642 | Vaults:2 | Received a gift from Yredelemnul
 52678 | Vaults:2 | Received a gift from Yredelemnul
 52712 | Vaults:2 | Found a flickering gateway to a bazaar.
 52764 | Bazaar   | Entered a bazaar
 52771 | Bazaar   | Found Nubriasoh's Antique Weapon Shoppe.
 52782 | Bazaar   | Found Rotu's Antique Weapon Emporium.
 52797 | Bazaar   | Found Fefesch's Antique Armour Shoppe.
 52802 | Bazaar   | Bought a fine buckler for 152 gold pieces
 52808 | Bazaar   | Found Josadghen's Antique Armour Emporium.
 52813 | Bazaar   | Bought a pair of distressingly furry boots for 152 gold pieces
 52840 | Vaults:1 | Identified the cursed +0 buckler of the Bulwark {rC+} (You bought it in a shop in a bazaar)
 52850 | Vaults:1 | Identified the +2 pair of boots "Wualyowk" {rPois Int+4} (You bought it in a shop in a bazaar)
 53616 | Vaults:2 | Received a gift from Yredelemnul
 53872 | Vaults:2 | Received a gift from Yredelemnul
 54229 | Vaults:2 | Received a gift from Yredelemnul
 54599 | Vaults:2 | Received a gift from Yredelemnul
 54782 | Vaults:2 | Reached XP level 18. HP: 129/135 MP: 35/35
 55110 | Vaults:2 | Cast into the Abyss (a deep elf demonologist)
 55349 | Abyss:1  | Noticed an ancient lich
 55364 | Abyss:1  | Noticed a Brimstone Fiend
 56315 | Abyss:1  | Paralysed by accursed screaming for 1 turns
 56535 | Abyss:1  | HP: 5/135 [starcursed mass/accursed screaming (12)]
 56535 | Abyss:1  | Paralysed by accursed screaming for 1 turns
 56538 | Abyss:1  | Killed from afar by a starcursed mass

Action                   |  1- 3 |  4- 6 |  7- 9 | 10-12 | 13-15 | 16-18 || total
-------------------------+-------+-------+-------+-------+-------+-------++-------
Melee: Unarmed           |     2 |       |       |       |       |       ||     2
       Short sword       |     8 |    39 |       |       |       |       ||    47
       Trident           |       |    70 |     3 |       |       |       ||    73
       Whip              |       |       |    90 |       |       |       ||    90
       Staff             |       |       |   147 |   456 |   681 |   236 ||  1520
       Dagger            |       |       |     2 |       |    16 |       ||    18
 Fire: Blowgun           |       |       |     1 |       |       |       ||     1
Throw: Tomahawk          |    24 |    28 |   106 |    20 |     5 |       ||   183
 Cast: Sandblast         |    75 |    91 |   115 |   207 |    32 |       ||   520
       Stoneskin         |       |       |     7 |    53 |    82 |    46 ||   188
       Lee's Rapid Decon |       |       |       |    20 |     5 |    20 ||    45
       Stone Arrow       |       |       |       |    55 |   530 |   604 ||  1189
       Petrify           |       |       |       |    22 |    11 |       ||    33
       Repel Missiles    |       |       |       |       |     2 |     2 ||     4
       Summon Guardian G |       |       |       |       |     6 |    43 ||    49
       Mephitic Cloud    |       |       |       |       |       |    50 ||    50
       Ignite Poison     |       |       |       |       |       |     2 ||     2
       Conjure Flame     |       |       |       |       |       |     1 ||     1
Invok: Animate Remains   |       |     3 |    12 |       |       |       ||    15
       Animate Dead      |       |       |       |    33 |    56 |    55 ||   144
       Recall Undead Sla |       |       |       |     1 |     4 |     4 ||     9
       Injury Mirror     |       |       |       |       |     1 |       ||     1
 Abil: Breathe Frost     |       |       |       |     7 |    13 |     6 ||    26
Evoke: Deck              |       |       |       |     4 |     3 |       ||     7
       Wand              |       |       |       |    37 |    37 |    30 ||   104
       Sack of spiders   |       |       |       |     6 |    19 |     1 ||    26
       Staff of Wucad Mu |       |       |       |     2 |       |    23 ||    25
  Use: Scroll            |       |     7 |     4 |    13 |    24 |    15 ||    63
       Potion            |       |     1 |     1 |     2 |     8 |    14 ||    26
 Stab: Sleeping          |     2 |     3 |    12 |     9 |    17 |     4 ||    47
       Petrifying        |       |       |       |     2 |       |       ||     2
       Distracted        |       |       |       |     1 |     6 |     7 ||    14
       Petrified         |       |       |       |     1 |     1 |       ||     2
       Confused          |       |       |       |       |       |     8 ||     8
  Eat: Beef jerky        |     1 |     1 |       |     7 |     2 |     1 ||    12
       Bread ration      |     1 |     2 |     4 |     3 |     6 |     6 ||    22
       Royal jelly       |       |     1 |       |     2 |    17 |     1 ||    21
       Pizza             |       |       |       |     9 |     1 |     6 ||    16
       Fruit             |       |       |       |     9 |       |     5 ||    14
       Meat ration       |       |       |       |       |       |     4 ||     4
